 Dungeon Crawl Stone Soup version 0.29.1 (webtiles) character file.

Game seed: 18152094816941596162

32799 groovy9 the Brawler (level 13, 0/128 HPs)
             Began as a Troll Fighter on Sept 12, 2022.
             Was a Priest of Wu Jian.
             Slain by a nine-headed hydra (7 damage)
             ... on level 2 of the Lair of Beasts.
             The game lasted 01:02:23 (12666 turns).

groovy9 the Brawler (Troll Fighter)                Turns: 12666, Time: 01:02:23

Health: 0/128      AC:  7    Str: 27    XL:     13   Next: 33%
Magic:  16/16      EV:  9    Int:  8    God:    Wu Jian [***...]
Gold:   736        SH:  9    Dex:  9    Spells: 15/18 levels left

rFire   . . .      SeeInvis .     - Unarmed
rCold   . . .      Faith    .   b - +0 kite shield
rNeg    . . .      Spirit   .   w - +0 troll leather armour
rPois   .          Reflect  .   (helmet currently unavailable)
rElec   .          Harm     .   l - +0 cloak
rCorr   +          Rampage  .   (gloves unavailable)
Will    .....                   (boots unavailable)
Stlth   +.........              (no amulet)
HPRegen 1.91/turn               C - ring of resist corrosion
MPRegen 0.15/turn               (no ring)

@: exhausted, appendages
A: horns 2, talons 2, large, unfitting armour, claws 3, regeneration 1, shaggy
fur 1, tough skin 1
a: End Transformation, Renounce Religion, Wall Jump, Serpent's Lash


You were on level 2 of the Lair of Beasts.
You worshipped Wu Jian.
Wu Jian was most pleased with you.
You had temporarily grown beastly horns and talons.
You visited 3 branches of the dungeon, and saw 14 of its levels.

You collected 736 gold pieces.

Inventory:

Missiles
 d - 6 javelins
 g - 21 poisoned darts
 u - 10 boomerangs (quivered)
Armour
 b - a +0 kite shield (worn)
 f - +0 acid dragon scales
 l - a +0 cloak (worn)
 o - a +2 hat of intelligence (melded)
 w - a +0 troll leather armour (worn)
 x - +0 fire dragon scales
Jewellery
 t - a ring of fire
 C - a ring of resist corrosion (left claw)
Wands
 c - a wand of digging (12)
 m - a wand of polymorph (9)
 p - a wand of charming (13)
 s - a wand of roots (16)
Scrolls
 a - 2 scrolls of immolation
 h - 6 scrolls of teleportation
 v - 3 scrolls of vulnerability
 y - a scroll of amnesia
Potions
 e - 4 potions of brilliance
 i - 2 potions of flight
 j - 3 potions of resistance
 k - 2 potions of curing
 n - 4 potions of mutation
 r - 2 potions of magic
 A - a potion of attraction
 B - a potion of invisibility
 E - a potion of cancellation


   Skills:
 + Level 8.5 Fighting
 + Level 4.4 Dodging
 + Level 9.3 Shields
 * Level 15.8 Unarmed Combat
 - Level 3.0 Spellcasting
 - Level 3.9 Transmutations


You had 15 spell levels left.
You knew the following spells:

 Your Spells              Type           Power      Damage    Failure   Level
a - Beastly Appendage     Tmut           14%        N/A       14%         1
b - Wereblood             Tmut           7%         N/A       21%         2

Your spell library contained the following spells:

 Spells                   Type           Power      Damage    Failure   Level
 Spider Form              Tmut/Pois      4%         N/A       67%         3
 Blink                    Tloc           2%         N/A       71%         2
 Scorch                   Fire           2%         2d5       71%         2
 Dazzling Flash           Conj/Hex       2%         N/A       90%         3
 Gell's Gravitas          Tloc           1%         N/A       90%         3
 Lesser Beckoning         Tloc           1%         N/A       90%         3
 Stone Arrow              Conj/Erth      2%         3d7       90%         3
 Teleport Other           Tloc           1%         N/A       90%         3
 Blade Hands              Tmut           3%         N/A       98%         5
 Animate Armour           Summ/Erth      2%         N/A       100%        4
 Animate Dead             Necr           1%         N/A       100%        4
 Flame Wave               Conj/Fire      1%         2d4       100%        4
 Fulminant Prism          Conj/Hex       0%         3d6       100%        4
 Iskenderun's Mystic Bla  Conj/Tloc      1%         2d3       100%        4
 Summon Ice Beast         Ice/Summ       1%         N/A       100%        4
 Borgnjor's Vile Clutch   Necr/Erth      0%         N/A       100%        5
 Irradiate                Conj/Tmut      2%         3d12      100%        5
 Lee's Rapid Deconstruct  Erth           0%         3d5*      100%        5
 Manifold Assault         Tloc           1%         N/A       100%        5
 Summon Mana Viper        Hex/Summ       1%         N/A       100%        5
 Death Channel            Necr           0%         N/A       100%        6
 Starburst                Conj/Fire      0%         6d3       100%        6
 Summon Cactus Giant      Summ           0%         N/A       100%        6
 Dragon Form              Tmut           3%         N/A       100%        7
 Monstrous Menagerie      Summ           0%         N/A       100%        7
 Lehudib's Crystal Spear  Conj/Erth      0%         10d2      100%        8


Dungeon Overview and Level Annotations

Branches:
Dungeon (11/15)            Temple (1/1) D:7            Lair (2/5) D:11
 Spider (0/4) Lair:2          Orc (0/2) D:9
  Swamp: Lair:2-3    Shoals: Lair:2-3

Altars:
Ashenzari
Cheibriados
Dithmenos
Elyvilon
Fedhas
Gozag
Hepliaklqana
Kikubaaqudgha
Makhleb
Nemelex Xobeh
Okawaru
Qazlal
Ru
Sif Muna
Trog
Uskayaw
Vehumet
Wu Jian
Xom
Yredelemnul
Zin
The Shining One


Innate Abilities, Weirdness & Mutations

You have temporarily grown beastly horns and talons.
You are too large for most types of armour.
You have claws for hands.
Your natural rate of healing is unusually fast.
You are covered in fur. (AC +1)
You have tough skin. (AC +1)


Message History

Your muscles tense, ready for explosive movement...
You lunge with incredible momentum at the eight-headed hydra.
You scratch the eight-headed hydra but do no damage.
The eight-headed hydra is lightly wounded.
Your supernatural speed expires.
You rip one of the eight-headed hydra's heads off!
The seven-headed hydra grows two more!
You scratch the nine-headed hydra. Your kick misses the nine-headed hydra.
You headbutt the nine-headed hydra!
The nine-headed hydra is lightly wounded.
The nine-headed hydra barely misses you.
You block the nine-headed hydra's attack.
The nine-headed hydra completely misses you.
The nine-headed hydra bites you! x2
The nine-headed hydra bites you but does no damage.
The nine-headed hydra closely misses you.
The nine-headed hydra barely misses you.
The nine-headed hydra bites you.
You barely miss the nine-headed hydra.
The nine-headed hydra is lightly wounded.
The nine-headed hydra bites you! x2; The nine-headed hydra bites you.
You block the nine-headed hydra's attack.
The nine-headed hydra bites you! The nine-headed hydra bites you. x2
The nine-headed hydra bites you!
* * * LOW HITPOINT WARNING * * *
The nine-headed hydra barely misses you.
As you read the scroll of fear, it crumbles to dust.
You assume a fearsome visage.
The nine-headed hydra looks frightened!
You lunge at the nine-headed hydra.
You barely miss the nine-headed hydra.
Your attack snaps the nine-headed hydra out of its fear.
You claw the nine-headed hydra! You headbutt the nine-headed hydra!
The nine-headed hydra is moderately wounded.
The nine-headed hydra bites you!
* * * LOW HITPOINT WARNING * * *
You block the nine-headed hydra's attack.
The nine-headed hydra bites you!
* * * LOW HITPOINT WARNING * * *
The nine-headed hydra bites you but does no damage. x3
The nine-headed hydra barely misses you. x2
The nine-headed hydra bites you!
You die...

.....#...#F.....#
###P.
.......#..##...### ##.
..........###..# ##
...........##.##
.>......?..# ##
..........##
..........#
..........##
......D@...#
...#.##...P##
#####.#P...## #
##........# ##
#........## ##†
#...^......## ###..
#........P..## #P...
.........#...#####....
........#....#......##


You could see a nine-headed hydra.

Vanquished Creatures
  Gastronok (D:8)
  A dire elephant (Lair:1)
  2 hydras (Lair:2)
  A two-headed ogre (D:11)
  Nergalle (Lair:2)
  The ghost of apoch the Cleaver, a novice MiFi of Hepliaklqana (D:7)
  6 elephants
  A black mamba (Lair:1)
  A gargoyle (D:11)
  A cane toad (Lair:2)
  An unseen horror (D:10)
  A komodo dragon (Lair:1)
  2 unseen horror zombies (D:9)
  Maggie (D:8)
  3 hornets
  A polar bear (Lair:1)
  A troll (D:9)
  Grinder (D:4)
  4 blink frogs (Lair:2)
  3 culicivoras (Lair:2)
  3 wraiths
  2 jumping spiders (Lair:2)
  2 wyverns
  A vampire (D:11)
  A shadow (D:11)
  2 basilisks
  25 yaks
  4 redbacks (Lair:2)
  2 vampire mosquitoes (D:11)
  Menkaure (D:7)
  An acid dragon (D:11)
  A water moccasin (Lair:1)
  4 ice beasts
  2 black bears
  5 orc warriors
  3 centaurs
  10 wolves
  A kobold brigand (D:9)
  6 bullfrogs
  7 scorpions
  A necrophage (D:9)
  A wyvern zombie (D:9)
  6 wights
  17 killer bees
  2 howler monkeys (D:8)
  2 electric eels (D:8)
  A jelly (D:5)
  6 orc priests
  A gnoll bouda (D:5)
  3 hounds
  A human zombie (D:9)
  4 iguanas
  14 orc wizards
  A killer bee zombie (D:9)
  2 mummies (D:9)
  2 howler monkey zombies (D:9)
  8 gnolls
  5 adders
  2 shadow imps
  A howler monkey simulacrum (D:7)
  7 white imps
  An ufetubus (D:5)
  4 worms
  4 dart slugs
  58 orcs
  6 endoplasms
  3 giant cockroaches
  4 goblins
  6 hobgoblins
  16 jackals
  7 quokkas
  5 ball pythons
  6 bats
  A frilled lizard (D:1)
  13 kobolds
  4 rats
342 creatures vanquished.

Vanquished Creatures (collateral kills)
  4 killer bees (D:10)
  10 white imps (Lair:2)
14 creatures vanquished.

Vanquished Creatures (others)
  A bush (Lair:1)
  9 fungi
  23 plants
33 creatures vanquished.

Grand Total: 389 creatures vanquished

Notes
Turn   | Place    | Note
-------+----------+-------------------------------------------
     0 | D:1      | groovy9 the Troll Fighter began the quest for the Orb.
     0 | D:1      | Reached XP level 1. HP: 22/22 MP: 0/0
    45 | D:1      | Reached XP level 2. HP: 29/29 MP: 1/1
   171 | D:1      | Reached XP level 3. HP: 36/36 MP: 2/2
   210 | D:1      | Reached skill level 3 in Unarmed Combat
   260 | D:1      | Found a faded altar of an unknown god.
   262 | D:1      | Noticed a golden eye
   267 | D:1      | Noticed an eye of devastation
   275 | D:1      | Noticed a great orb of eyes
   288 | D:1      | Noticed an eye of devastation
   692 | D:2      | Identified the +11 dagger of Exquisite Torment {protect,
                  | rC+ Stlth+}
   848 | D:2      | Reached XP level 4. HP: 44/44 MP: 3/3
  1487 | D:3      | Found a blossoming altar of Fedhas.
  1539 | D:3      | Reached skill level 4 in Unarmed Combat
  1553 | D:3      | Reached XP level 5. HP: 51/53 MP: 4/4
  1600 | D:3      | Found a broken altar of Ashenzari.
  1606 | D:3      | Found an iron altar of Okawaru.
  1834 | D:4      | Found a burning altar of Makhleb.
  1835 | D:4      | Noticed an ice beast
  1851 | D:4      | Killed an ice beast
  1852 | D:4      | Reached XP level 6. HP: 37/61 MP: 5/5
  2064 | D:4      | Noticed Grinder
  2073 | D:4      | Paralysed by Grinder for 2 turns
  2088 | D:4      | Killed Grinder
  2089 | D:4      | Reached skill level 5 in Unarmed Combat
  2489 | D:5      | Entered Level 5 of the Dungeon
  2489 | D:5      | Found a hide-covered altar of Uskayaw.
  2498 | D:5      | Reached XP level 7. HP: 68/68 MP: 6/6
  2742 | D:5      | Reached skill level 6 in Unarmed Combat
  3394 | D:6      | Reached skill level 5 in Shields
  3394 | D:6      | Reached XP level 8. HP: 79/79 MP: 7/7
  3484 | D:6      | Reached skill level 7 in Unarmed Combat
  4332 | D:6      | Reached skill level 5 in Fighting
  4421 | D:6      | Reached skill level 8 in Unarmed Combat
  4492 | D:6      | Found a sacrificial altar of Ru.
  4710 | D:7      | Found a runed translucent gate.
  4711 | D:7      | Found a runed translucent gate.
  4711 | D:7      | Found a runed translucent gate.
  4800 | D:7      | Noticed Menkaure
  4844 | D:7      | Killed Menkaure
  4906 | D:7      | Reached XP level 9. HP: 88/88 MP: 8/8
  4985 | D:7      | Noticed apoch's ghost (novice MiFi)
  5557 | D:7      | Found a staircase to the Ecumenical Temple.
  5565 | Temple   | Entered the Ecumenical Temple
  6041 | D:7      | Reached skill level 9 in Unarmed Combat
  6431 | D:7      | Killed apoch's ghost
  6499 | D:7      | Learned a level 1 spell: Beastly Appendage
  6502 | D:7      | Learned a level 2 spell: Wereblood
  6617 | D:8      | Reached skill level 10 in Unarmed Combat
  6694 | D:8      | Noticed Maggie
  6700 | D:8      | Reached skill level 1 in Transmutations
  6815 | D:8      | Killed Maggie
  6847 | D:8      | Noticed Gastronok
  6993 | D:8      | Killed Gastronok
  6994 | D:8      | Reached skill level 1 in Spellcasting
  6994 | D:8      | Reached XP level 10. HP: 50/100 MP: 9/11
  7135 | D:8      | Found an ornate altar of the Wu Jian Council.
  7189 | D:8      | Became a worshipper of the Wu Jian Council
  7677 | D:8      | Found a snail-covered altar of Cheibriados.
  7678 | D:8      | Found an ancient bone altar of Kikubaaqudgha.
  7742 | D:8      | Found a white marble altar of Elyvilon.
  8529 | D:10     | Entered Level 10 of the Dungeon
  8611 | D:9      | Reached skill level 11 in Unarmed Combat
  8955 | D:9      | Found a staircase to the Orcish Mines.
  9028 | D:9      | Reached * piety under Wu Jian
  9037 | D:9      | Found a basalt altar of Yredelemnul.
  9185 | D:9      | Identified the +7 dagger of Reat Xapt {drain, Str+2}
  9296 | D:10     | Reached XP level 11. HP: 73/109 MP: 13/13
 10062 | D:11     | Found a sacrificial altar of Ru.
 10286 | D:10     | Reached ** piety under Wu Jian
 10299 | D:11     | Reached skill level 12 in Unarmed Combat
 10421 | D:11     | Noticed a two-headed ogre
 10431 | D:11     | Killed a two-headed ogre
 10438 | D:11     | Found a staircase to the Lair.
 10629 | D:11     | Reached skill level 14 in Unarmed Combat
 10629 | D:11     | Reached XP level 12. HP: 118/118 MP: 15/15
 10666 | Lair:1   | Entered Level 1 of the Lair of Beasts
 11092 | Lair:1   | Reached *** piety under Wu Jian
 11132 | Lair:1   | Reached skill level 15 in Unarmed Combat
 11143 | Lair:1   | Noticed a dire elephant
 11159 | Lair:1   | Killed a dire elephant
 11423 | Lair:1   | Reached XP level 13. HP: 110/127 MP: 16/16
 11710 | Lair:2   | Found a hole to the Spider Nest.
 11801 | Lair:2   | Found a frozen archway.
 11896 | Lair:2   | Noticed Nergalle
 11920 | Lair:2   | Killed Nergalle
 11985 | Lair:2   | Found a broken altar of Ashenzari.
 12184 | Lair:2   | Reached **** piety under Wu Jian
 12666 | Lair:2   | Slain by a nine-headed hydra

Illustrated notes

Levels and vault maps discovered:
D:1:      spicycebolla_green_bress_n_ham_2, layout_basic,
          hellmonk_ecumenical_altar_watching_god, minmay_misc_feat_tiny
D:2:      layout_loops_cross, nicolae_wormholes
D:3:      layout_rooms, gammafunk_temple_overflow_pools, fedhas_altar_fruit_tree
D:4:      layout_basic, nicolae_overflow_crystal_walls, uniq_grinder
D:5:      layout_loops_ring, nicolae_uskayaw_dance_hall,
          amcnicky_mini_corridor_feature, kennysheep_potato
D:6:      layout_basic, general_overflow_altar
D:7:      layout_layer_cave, temple_statues, gammafunk_ghost_icy, uniq_menkaure
D:8:      layout_cave_pods, mainiacjoe_overflow_surrounded_room,
          nicolae_overflow_squiral, kennysheep_mini, kennysheep_small_square,
          uniq_maggie, uniq_gastronok
D:9:      layout_cave_pools, lemuel_mausoleum_altar_yredelemnul, orc_0_dummy,
          minmay_misc_feat_five, fungi_pond_lemuel
D:10:     layout_rooms, enter_bailey_6
D:11:     layout_gridville, david_lair_generic, hangedman_ru_absence
Temple:   chequers_temple_sunken
Lair:1:   layout_roguey, nicolae_lair_grazing_beasts
          [nicolae_sub_lair_graze_edge, nicolae_sub_lair_graze_edge,
          nicolae_sub_lair_graze_edge, nicolae_sub_lair_graze_edge],
          lemuel_fruit_tree
Lair:2:   layout_cave_pods, nicolae_spider_entry_tight_spaces,
          portal_ice_cave_entry_imps, basic_altar, uniq_nergalle

Skill      XL: |  1  2  3  4  5  6  7  8  9 10 11 12 13 |
---------------+----------------------------------------+-----
Shields        | 3 4 5 6 7 8 9 |  9.3
Unarmed Combat | 3 4 5 6 8 10 11 14 15 | 15.8
Fighting       | 3 4 5 6 7 8 |  8.5
Transmutations | 1 3 |  3.9
Spellcasting   | 1 2 3 |  3.0
Dodging        | 3 4 |  4.4

Action                   |  1- 3 |  4- 6 |  7- 9 | 10-12 | 13-15 || total
-------------------------+-------+-------+-------+-------+-------++-------
Melee: Unarmed           |   125 |   129 |   323 |   454 |   203 ||  1234
       Kick              |       |       |       |     1 |     3 ||     4
       Headbutt          |       |       |       |       |     8 ||     8
Throw: Javelin           |     2 |     5 |    21 |       |       ||    28
       Boomerang         |       |       |     8 |       |    19 ||    27
 Cast: Beastly Appendage |       |       |       |     1 |     2 ||     3
Invok: Lunge             |       |       |       |    26 |    16 ||    42
       Whirlwind         |       |       |       |     1 |    31 ||    32
       Serpent's Lash    |       |       |       |       |     2 ||     2
 Abil: Wall Jump         |       |       |       |       |     1 ||     1
  Use: Scroll            |     3 |     3 |    10 |     7 |     6 ||    29
       Potion            |       |     1 |     9 |     3 |     1 ||    14
Armor: Robe              |    45 |    37 |    63 |       |       ||   145
       Acid dragon scale |       |       |       |   123 |       ||   123
       Troll leather arm |       |       |       |    65 |    56 ||   121
Dodge: Dodged            |    51 |    39 |    77 |   126 |    64 ||   357
Block: Kite shield       |    62 |    38 |    92 |   186 |    83 ||   461
